 Dungeon Crawl Stone Soup version 0.31-a0-361-g0f8bd3a31e (webtiles) character file.

Game seed: 2189770622744072526

132 CrazyBamboolord the Ruffian (level 4, -13/36 HPs)
             Began as a Draconian Shapeshifter on July 27, 2023.
             Mangled by an ogre
             ... wielding a +0 giant club
              (21 damage)
             ... on level 4 of the Dungeon.
             The game lasted 00:04:16 (2124 turns).

CrazyBamboolord the Ruffian (DrSh)                  Turns: 2124, Time: 00:04:17

Health: -13/36     AC:  9    Str: 19    XL:     4   Next: 92%
Magic:  13/13      EV: 11    Int:  8    God:
Gold:   124        SH:  4    Dex: 12    Spells: 3/3 levels left

rFire   . .          .
                       - Unarmed
rCold   . . .        l - +0 buckler
rNeg    . . .        (body armour unavailable)
rPois   .            p - melded +0 hat
rElec   .            (cloak currently unavailable)
rCorr   .            (gloves currently unavailable)
SInv    .            (boots currently unavailable)
Will    .....        (no amulet)
Stlth   +            e - ring of magical power
HPRegen 0.26/turn    f - +4 ring of protection
MPRegen 0.13/turn

%: no passive effects
@: beast-form
A: beast (slay +2), AC +5, unfitting armour, cold-blooded
a: Begin Untransformation


You were on level 4 of the Dungeon.
You were a hulking beast.
You visited 1 branch of the dungeon, and saw 4 of its levels.

You collected 124 gold pieces.

Inventory:

Armour
 l - a +0 buckler (worn)
 p - a +0 hat (melded)
Jewellery
 e - a ring of magical power (left hand)
 f - a +4 ring of protection (right hand)
 q - a ring of ice
Talismans
 b - a beast talisman
 i - a maw talisman
Scrolls
 c - 5 scrolls of identify {unknown}
 d - a scroll of blinking
 g - 3 scrolls of enchant armour {unknown}
 h - 2 scrolls of enchant weapon {unknown}
 k - a scroll of brand weapon {unknown}
 o - a scroll of acquirement {unknown}
 r - a scroll of teleportation {unknown}
 s - a scroll of immolation {unknown}
Potions
 a - 2 potions of lignification
 j - a potion of cancellation {unknown}
 m - 2 potions of curing {unknown}
 n - a potion of haste {unknown}


   Skills:
 * Level 1.9 Fighting
 * Level 2.1 Dodging
 * Level 0.7 Shields
 * Level 4.3 Unarmed Combat
 * Level 3.7 Shapeshifting


You had 3 spell levels left.
You didn't know any spells.
Your spell library contained the following spells:

 Spells                   Type           Power      Damage    Failure   Level
 Cigotuvi's Dreadful Rot  Necr/Pois/Air  0%         N/A       63%         2
 Lesser Beckoning         Tloc           0%         N/A       63%         2
 Gell's Gravitas          Tloc           0%         N/A       86%         3
 Ignite Poison            Fire/Tmut/Pois 0%         N/A       86%         3
 Teleport Other           Tloc           0%         N/A       86%         3
 Freezing Cloud           Conj/Ice/Air   0%         6-21      100%        5


Dungeon Overview and Level Annotations

Branches:
Dungeon (4/15)
 Temple: D:4-7

Altars:
Ashenzari
Sif Muna
Trog
Yredelemnul


Innate Abilities, Weirdness & Mutations

You are a hulking beast.
Your limbs bulge with bestial killing power. (Slay +2)
Your plain brown scales are hard. (AC +5)
You cannot fit into any form of body armour.
You are cold-blooded and may be slowed by cold attacks.


Message History

You hit the kobold.
You kill the kobold!
The ball python bites you. You block the ball python's attack.
A ball python is nearby!
You punch the ball python!
You kill the ball python!
HP restored.
An ogre comes into view. It is wielding a +0 giant club.
An ogre is nearby!
The ogre shouts!
An ogre is nearby!
An ogre is nearby!
An ogre is nearby!
You punch the ogre! You tail-slap the ogre.
The ogre is heavily wounded.
The ogre hits you with a +0 giant club!
You hit the ogre.
The ogre is heavily wounded.
You hit the ogre.
The ogre is severely wounded.
The ogre closely misses you.
You barely miss the ogre.
The ogre is severely wounded.
The ogre barely misses you.
You hit the ogre but do no damage.
The ogre is severely wounded.
You barely miss the ogre.
The ogre is severely wounded.
The ogre hits you with a +0 giant club!
* * * LOW HITPOINT WARNING * * *
You hit the ogre.
The ogre is severely wounded.
The ogre barely misses you.
You hit the ogre.
The ogre is almost dead.
You hit the ogre.
The ogre is almost dead.
The ogre hits you with a +0 giant club!!
Ouch! That really hurt!
You die...

.. .. .#### ...
######.#..#
...##.........#
#..................#
#..........?.......#
#............O.....#
#.......##...h.....#
#.......##.........'.
#.......##...########
#.......##...##...
#.................
#.....<.##........
#...)...##.........
#..>....##...##.##.
#......(##...##.##.


You could see an ogre.

Vanquished Creatures
  An iguana (D:4)
  3 adders (D:3)
  3 worms
  2 dart slugs
  3 orcs
  5 endoplasms
  3 giant cockroaches
  4 goblins
  10 hobgoblins
  4 kobolds
  2 quokkas
  9 ball pythons
  4 bats
  3 frilled lizards (D:1)
  4 rats (D:1)
60 creatures vanquished.

Notes
Turn   | Place    | Note
-------+----------+-------------------------------------------
     0 | D:1      | CrazyBamboolord the Draconian Shapeshifter began the quest
                  | for the Orb.
     0 | D:1      | Reached XP level 1. HP: 16/16 MP: 1/1
   132 | D:1      | Reached XP level 2. HP: 21/23 MP: 2/2
   728 | D:2      | Reached XP level 3. HP: 27/28 MP: 3/3
   972 | D:2      | Found a faded altar of an unknown god.
  1173 | D:3      | Found a basalt altar of Yredelemnul.
  1178 | D:3      | Found a bloodstained altar of Trog.
  1179 | D:3      | Found a broken altar of Ashenzari.
  1532 | D:3      | Identified the +4 rapier of the Endless March {heavy, rC+
                  | rN++ Str-3 Dex+8}
  1554 | D:3      | Reached skill level 4 in Unarmed Combat
  1554 | D:3      | Reached XP level 4. HP: 35/35 MP: 4/4
  1975 | D:4      | Found a shimmering blue altar of Sif Muna.
  2112 | D:4      | Noticed an ogre
  2124 | D:4      | Mangled by an ogre

Illustrated notes

Levels and vault maps discovered:
D:1:      scummos_arrival_gate, layout_basic, st_stairs_2
D:2:      layout_rooms, shapermc_ecumenical_altar_acropolis,
          nrook_mini_backslash
D:3:      layout_basic, minitemple
D:4:      layout_gridville, lemuel_doored_altar

Skill      XL: |  1  2  3 |
---------------+----------+-----
Dodging        | 2 |  2.1
Unarmed Combat | 4 |  4.3
Fighting       | |  1.9
Shields        | |  0.7
Shapeshifting  | |  3.7

Action                     |  1- 3 |  4- 6 || total
---------------------------+-------+-------++-------
  Melee: Unarmed           |    97 |    57 ||   154
         Tailslap          |     5 |     7 ||    12
         Punch             |     1 |       ||     1
Ability: Begin Untransform |     1 |       ||     1
    Use: Scroll            |     1 |       ||     1
   Stab: Sleeping          |     1 |       ||     1
 Armour: Skin              |    33 |    14 ||    47
  Dodge: Dodged            |    47 |    24 ||    71
  Block: Buckler           |     1 |     9 ||    10
   Form: Beast             |     1 |       ||     1

Table legend: (Time is in decaauts)
 A = Elapsed time spent in this place.
 B = Non-inter-level travel time spent in this place.
 C = Inter-level travel time spent in this place.
 D = Time resting spent in this place.
 E = Time spent auto-exploring this place.
 F = Levels seen in this place.
 G = Mean time per level.
                   A        B        C        D        E       F      G
               +--------+--------+--------+--------+--------+-----+--------+
         Total |   2117 |   1870 |    247 |      0 |   1503 |   4 |  529.2 |
       Dungeon |   2117 |   1870 |    247 |      0 |   1503 |   4 |  529.2 |
               +--------+--------+--------+--------+--------+-----+--------+

Top non-repeatable levels by time:
     D:1: 745 daAuts
     D:3: 743 daAuts
     D:2: 399 daAuts
     D:4: 228 daAuts
